 Dungeon Crawl Stone Soup version 0.25.1-9-gc5326a611f (webtiles) character file.

Game seed: 4820824541796817258

51207 Revguard the Severer (level 14, -15/133 HPs)
             Began as a Deep Dwarf Berserker on Feb 5, 2021.
             Was an Elder of Trog.
             Demolished by an orc warlord
             ... wielding a +0 great mace
              (42 damage)
             ... on level 1 of the Orcish Mines.
             The game lasted 01:07:57 (12418 turns).

Revguard the Severer (Deep Dwarf Berserker)        Turns: 12418, Time: 01:07:59

Health: -15/133    AC: 18    Str: 22    XL:     14   Next: 22%
Magic:  12/12      EV: 14    Int: 10    God:    Trog [****..]
Gold:   1134       SH:  5    Dex: 18    Spells: 13/13 levels left

rFire    . . .     SeeInvis .   G - +4 war axe
rCold    + . .     Gourm    .   (no shield)
rNeg     + . .     Faith    .   p - +2 plate armour {rC+}
rPois    .         Spirit   .   (no helmet)
rElec    .         Reflect  +   (no cloak)
rCorr    .         Harm     .   n - +0 pair of gloves
MR       ++++.                  (no boots)
Stlth    ..........             t - amulet of reflection
HPRegen  1.00/turn              E - +4 ring of slaying
MPRegen  0.13/turn              l - +4 ring of evasion

@: berserk cooldown, starving, non-regenerating, slowed, very slow
A: damage resistance, heal wounds, agile 1, negative energy resistance 1, sense
surroundings 2, strong 1, no regeneration
a: Heal Wounds, Berserk, Trog's Hand, Brothers in Arms, Renounce Religion


You were on level 1 of the Orcish Mines.
You worshipped Trog.
Trog was greatly pleased with you.
You were starving.

You visited 2 branches of the dungeon, and saw 16 of its levels.

You collected 1358 gold pieces.
You spent 224 gold pieces at shops.

Inventory:

Hand Weapons
 g - a +0 war axe of flaming
 G - a +4 war axe (weapon)
Armour
 n - a +0 pair of gloves (worn)
 p - a +2 plate armour of cold resistance (worn)
Jewellery
 a - an uncursed ring of protection from fire
 j - an uncursed ring of flight
 l - a +4 ring of evasion (right hand)
 t - an amulet of reflection (around neck)
 B - a +4 ring of protection
 E - a +4 ring of slaying (left hand)
Wands
 k - a wand of digging (3)
 m - a wand of flame (31)
 v - a wand of random effects (18)
Scrolls
 f - a scroll of brand weapon {unknown}
 i - 8 scrolls of teleportation
 o - 6 scrolls of remove curse
 q - 3 scrolls of enchant armour
 r - 2 scrolls of enchant weapon
 w - 4 scrolls of noise
 x - a scroll of immolation
 y - a scroll of fog {unknown}
 z - 7 scrolls of amnesia
 C - 5 scrolls of blinking {unknown}
Potions
 d - 2 potions of stabbing
 h - a potion of resistance
 s - 2 potions of cancellation
 u - 4 potions of curing
 D - 2 potions of magic
Comestibles
 b - 15 chunks of flesh
 c - 27 rations


   Skills:
 + Level 10.7 Fighting
 + Level 17.0 Axes
 + Level 11.4 Armour
 + Level 5.2 Dodging
 * Level 13.9 Evocations


You had 13 spell levels left.
You didn't know any spells.
Your spell library was empty.

Dungeon Overview and Level Annotations

Branches:
Dungeon (15/15)            Temple (0/1) D:6            Lair (0/6) D:9
    Orc (1/2) D:10         Vaults (0/5) D:14         Depths (0/5) D:15

Altars:
Ashenzari
Elyvilon
Fedhas
Gozag
Kikubaaqudgha
Okawaru
Trog
Vehumet
Yredelemnul
Beogh

Shops:
D:7 [   D:8 ?   D:14 =


Innate Abilities, Weirdness & Mutations

You are resistant to damage.
You can heal yourself by infusing magical energy.
You resist negative energy. (rN+)
You passively map the area around you.
You do not regenerate.
You are agile. (Dex +2)
Your muscles are strong. (Str +2)


Message History

The orc warlord misses you.
You hit the orc warlord.
The orc warlord is lightly wounded.
You hit the orc warlord but do no damage.
The orc warlord is lightly wounded.
You slice the orc warlord!!
The orc warlord is moderately wounded.
The orc no longer looks unusually strong.
The orc warlord roars a battlecry!
The orc goes into a battle-frenzy!
You completely miss the orc warlord.
The orc warlord is moderately wounded.
You slash the orc warlord!
The orc warlord is heavily wounded.
You are no longer berserk.
You are exhausted.
You feel yourself slow down.
You feel the effects of Trog's Hand fading.
The orc warlord hits you with a +0 great mace!!!
You die...

#...#######.
###..........
####.##.....)...
##.#...###8).)8##
#...#..#.#)....##
#.......).[.....$ #
##.....#))....... #
#########.............
#
#....@ooo..##.........
#
########..)##.........
# ###............#.
##................ * *
##.##.#............
###,
#..................
....,*
#..................
#..... *
##........##.#.. ,,,
......., *
###..........###..


You could see an orc warlord (strong) and 2 orcs.

Vanquished Creatures
  Frances (D:13)
  An orc warlord (Orc:1)
  Louise (D:15)
  An ettin (D:15)
  A fire dragon (D:15)
  Harold (D:8)
  4 vault guards (D:14)
  2 hydras
  2 ogre magi (D:15)
  6 two-headed ogres
  A deep elf knight (D:15)
  A deep troll (D:15)
  An unseen horror (D:12)
  A wolf spider zombie (D:11)
  9 ugly things
  A manticore (D:14)
  A cyclops (D:12)
  4 molten gargoyles (D:13)
  4 centaur skeletons
  2 gargoyles
  Maggie (D:8)
  2 efreet
  A spiny frog (shapeshifter) (D:15)
  2 yaktaurs (D:15)
  2 kobold demonologists (D:15)
  A komodo dragon (D:14)
  3 meliai (D:13)
  A queen bee (D:13)
  A wolf spider simulacrum (D:15)
  Grinder (D:4)
  2 slime creatures (D:13)
  3 hippogriffs
  3 hornets
  A hippogriff (shapeshifter) (D:14)
  A meliai zombie (D:11)
  5 water elementals (D:15)
  A spriggan (shapeshifter) (D:14)
  2 shadows
  Sigmund (D:2)
  A wraith (D:14)
  A spriggan (D:8)
  A steam dragon (D:11)
  12 yaks
  3 hungry ghosts
  13 vampire mosquitoes
  3 porcupines (D:9)
  The ghost of Veteran the Sneak, an amateur SpEn (D:3)
  18 orc warriors
  3 sky beasts
  3 black bears
  10 ice beasts
  2 necrophages
  4 boggarts (D:15)
  17 ogres
  2 phantoms
  15 centaurs
  3 wolves (D:9)
  A crocodile (shapeshifter) (D:9)
  2 crocodiles (D:9)
  5 big kobolds
  10 bullfrogs
  5 scorpions
  2 wyvern skeletons
  19 killer bees
  11 wights
  8 howler monkeys
  An electric eel (D:15)
  2 lava snakes (D:13)
  5 centaur zombies
  9 crimson imps
  10 hounds
  3 jellies (D:9)
  13 orc priests
  5 bullfrog skeletons
  11 orc wizards
  3 iguanas
  A gnoll shaman (D:8)
  8 worker ants
  2 killer bee zombies
  A hound skeleton (D:6)
  14 adders
  7 gnolls
  3 howler monkey skeletons
  4 shadow imps
  3 oozes
  3 worms
  3 dart slugs
  8 leopard geckos
  79 orcs
  4 ball pythons
  6 bats
  5 giant cockroaches
  12 goblins
  7 hobgoblins
  3 jackals (D:5)
  19 kobolds
  4 quokkas
  7 frilled lizards
  A jackal zombie (D:6)
  2 quokka zombies
  5 rats
  A spectral orc (D:8)
  A fungus (D:9)
529 creatures vanquished.

Vanquished Creatures (collateral kills)
  The ghost of Thomus the Severer, a journeyman HOFi of Okawaru (D:10)
  A catoblepas (D:9)
  2 ugly things (D:14)
  2 gargoyles (D:12)
  A slime creature (D:13)
  2 hungry ghosts (D:12)
  5 orc warriors
  A crocodile (D:9)
  A bullfrog (D:9)
  An orc priest (D:10)
  4 orcs
  2 kobolds (D:10)
23 creatures vanquished.

Vanquished Creatures (others)
  A porcupine (D:9)
  A kobold (D:9)
  A fungus (D:9)
  4 plants (D:9)
7 creatures vanquished.

Grand Total: 559 creatures vanquished

Notes
Turn   | Place    | Note
-------+----------+-------------------------------------------
     0 | D:1      | Revguard the Deep Dwarf Berserker began the quest for the
                  | Orb.
     0 | D:1      | Reached XP level 1. HP: 20/20 MP: 1/1
    95 | D:1      | Reached XP level 2. HP: 22/27 MP: 2/2
   344 | D:1      | Reached skill level 4 in Axes
   344 | D:1      | Reached XP level 3. HP: 23/34 MP: 3/3
   402 | D:1      | Reached ** piety under Trog
   707 | D:2      | Noticed Sigmund
   722 | D:2      | Killed Sigmund
   722 | D:2      | Reached skill level 5 in Axes
   722 | D:2      | Reached XP level 4. HP: 24/43 MP: 4/4
   722 | D:2      | Reached XP level 5. HP: 27/49 MP: 5/5
  1345 | D:3      | Reached skill level 1 in Evocations
  1442 | D:3      | Found a runed translucent gate.
  1442 | D:3      | Found a runed translucent gate.
  1442 | D:3      | Found an opulent altar of Gozag.
  1443 | D:3      | Found a runed translucent gate.
  1445 | D:3      | Noticed Veteran's ghost (amateur SpEn)
  1480 | D:3      | Killed Veteran's ghost
  1480 | D:3      | Reached XP level 6. HP: 41/57 MP: 4/6
  1526 | D:3      | Found a blossoming altar of Fedhas.
  1532 | D:3      | You fall into a shaft and drop 3 floors!
  1533 | D:6      | Noticed an ice beast
  1536 | D:6      | Killed an ice beast
  1536 | D:6      | Reached skill level 6 in Axes
  1539 | D:5      | Entered Level 5 of the Dungeon
  1563 | D:5      | Reached XP level 7. HP: 3/64 MP: 7/7
  1797 | D:5      | You fall into a shaft and drop 3 floors!
  1896 | D:8      | Reached skill level 7 in Axes
  1962 | D:8      | Reached XP level 8. HP: 35/73 MP: 9/9
  2011 | D:8      | Gained mutation: Your muscles are strong. (Str +2) [potion
                  | of mutation]
  2011 | D:8      | Gained mutation: You are clumsy. (Dex -2) [potion of
                  | mutation]
  2011 | D:8      | Lost mutation: You are clumsy. (Dex -2) [potion of
                  | mutation]
  2011 | D:8      | Gained mutation: You are agile. (Dex +2) [potion of
                  | mutation]
  2048 | D:8      | Reached *** piety under Trog
  2119 | D:8      | Reached skill level 8 in Axes
  2217 | D:8      | Reached skill level 5 in Evocations
  2252 | D:8      | Noticed Harold
  2265 | D:8      | Reached skill level 9 in Axes
  2270 | D:8      | Killed Harold
  2270 | D:8      | Reached skill level 5 in Fighting
  2270 | D:8      | Reached skill level 10 in Axes
  2270 | D:8      | Reached skill level 5 in Armour
  2270 | D:8      | Gained mutation: You passively map the area around you.
                  | [Deep Dwarf growth]
  2270 | D:8      | Reached XP level 9. HP: 55/81 MP: 9/11
  2275 | D:8      | Noticed a two-headed ogre
  2287 | D:8      | Killed a two-headed ogre
  2307 | D:8      | Found a basalt altar of Yredelemnul.
  2373 | D:8      | Got a polished ring mail
  2374 | D:8      | Identified the cursed +1 ring mail "Axihom" {-Cast rElec
                  | Dex+3} (You found it on level 8 of the Dungeon)
  2434 | D:8      | Noticed Maggie
  2464 | D:8      | Killed Maggie
  2490 | D:8      | Found Foolunn's Magic Scroll Emporium.
  2498 | D:8      | Bought a scroll of enchant armour for 112 gold pieces
  2498 | D:8      | Bought a scroll of enchant weapon for 112 gold pieces
  2520 | D:8      | Reached skill level 11 in Axes
  2937 | D:7      | Found a shattered altar of Ashenzari.
  2970 | D:7      | Reached XP level 10. HP: 78/91 MP: 13/13
  3025 | D:7      | Found an opulent altar of Gozag.
  3046 | D:7      | Found a bloodstained altar of Trog.
  3087 | D:7      | Found Simueb's Antique Armour Emporium.
  3601 | D:6      | Found a staircase to the Ecumenical Temple.
  3693 | D:6      | Reached **** piety under Trog
  3776 | D:6      | Found a white marble altar of Elyvilon.
  3817 | D:6      | Found an iron altar of Okawaru.
  4991 | D:4      | Reached skill level 12 in Axes
  5311 | D:4      | Noticed Grinder
  5325 | D:4      | Killed Grinder
  6052 | D:9      | Paralysed by a hornet for 1 turns
  6060 | D:9      | Noticed a harpy
  6146 | D:9      | Reached ***** piety under Trog
  6171 | D:9      | Noticed a catoblepas
  6177 | D:9      | Killed a catoblepas
  6177 | D:9      | Reached skill level 13 in Axes
  6255 | D:9      | Reached XP level 11. HP: 48/99 MP: 15/15
  6260 | D:9      | Found a staircase to the Lair.
  6364 | D:9      | Found a radiant altar of Vehumet.
  6511 | D:10     | Entered Level 10 of the Dungeon
  6532 | D:10     | Found a roughly hewn altar of Beogh.
  6532 | D:10     | Found a staircase to the Orcish Mines.
  6742 | D:10     | Noticed Thomus's ghost (journeyman HOFi)
  6745 | D:10     | Found a runed translucent door.
  6803 | D:10     | Killed Thomus's ghost
  7064 | D:10     | Reached skill level 10 in Evocations
  7569 | D:11     | Reached skill level 14 in Axes
  8312 | D:12     | Reached XP level 12. HP: 107/110 MP: 17/17
  8318 | D:12     | Paralysed by a hornet for 2 turns
  8648 | D:12     | Reached skill level 15 in Axes
  8709 | D:12     | Noticed a six-headed hydra
  8720 | D:12     | Killed a one-headed hydra
  9014 | D:13     | Noticed Frances
  9516 | D:13     | Killed Frances
  9617 | D:13     | Noticed a two-headed ogre
  9625 | D:13     | Killed a two-headed ogre
 10127 | D:14     | Reached skill level 16 in Axes
 10141 | D:14     | Reached XP level 13. HP: 82/121 MP: 16/16
 10167 | D:14     | Found a gate to the Vaults.
 10230 | D:14     | Reached skill level 5 in Dodging
 10590 | D:14     | Found Kextac's Jewellery Shoppe.
 10678 | D:14     | Reached skill level 10 in Armour
 10872 | D:15     | Entered Level 15 of the Dungeon
 10874 | D:15     | Noticed Louise
 10933 | D:15     | Killed Louise
 10965 | D:15     | Noticed a fire dragon
 10984 | D:15     | Killed a fire dragon
 11050 | D:15     | Noticed an ettin
 11061 | D:15     | Reached skill level 10 in Fighting
 11156 | D:15     | Killed an ettin
 11456 | D:15     | Gained mutation: You resist negative energy. (rN+) [Deep
                  | Dwarf growth]
 11456 | D:15     | Reached XP level 14. HP: 27/133 MP: 13/13
 11503 | D:15     | Found a staircase to the Depths.
 11623 | D:15     | Found an ancient bone altar of Kikubaaqudgha.
 12099 | Orc:1    | Entered Level 1 of the Orcish Mines
 12333 | Orc:1    | Noticed an orc warlord
 12333 | Orc:1    | Noticed an orc warlord
 12351 | Orc:1    | Reached skill level 17 in Axes
 12407 | Orc:1    | Killed an orc warlord
 12418 | Orc:1    | Demolished by an orc warlord

Illustrated notes

Levels and vault maps discovered:
D:1:      lightli_arrival_maybe_door_vault, layout_basic
D:2:      layout_basic, minmay_misc_feat_iff, minmay_misc_feat_plants,
          minmay_misc_feat_cross, uniq_sigmund
D:3:      layout_basic, ebering_ghost_gozag, fedhas_altar_2
D:4:      layout_rooms, minmay_joined_circles, uniq_grinder
D:5:      layout_basic, first_ration, kennysheep_path_1
D:6:      layout_loops_corners, okawaru_metal_pillars_1_2, elyvilon_altar_5,
          minmay_temple_entry_sparse_star
D:7:      layout_basic, ashenzari_altar_1, lightli_temple_of_fire,
          lemuel_doored_altar, serial_shops, shop
D:8:      layout_basic, yredelemnul_forgotten_temple_becter, special_room
          [special_room_orc], serial_shops, shop, the_bakery, uniq_harold,
          uniq_maggie
D:9:      layout_cross, old_standard_altar, minmay_lair_entry_grove,
          grunt_ministairs_4
D:10:     layout_stronghold, david_orc_5, hellmonk_ghost_happy_afterlife
D:11:     layout_loops_ring, lightli_fourway_metalbox
D:12:     layout_irregular_city
D:13:     layout_basic, special_room [special_room_bee], minivault_8,
          uniq_frances
D:14:     layout_basic, lightli_vaults_fourway_checkpoint, nrook_uturn,
          chequers_serial_rivers_micro_c, minmay_shop_enchanted_jewellery
D:15:     hangedman_depths_entry_civil_slaughter, layout_basic, basic_altar,
          uniq_louise
Orc:1:    cheibrodos_orc_arena, layout_diamond_mine

Skill      XL: |  1  2  3  4  5  6  7  8  9 10 11 12 13 14 |
---------------+-------------------------------------------+-----
Fighting       | 3 4 5 6 7 9 10 | 10.7
Axes           | 4 5 6 7 10 11 13 14 16 17 | 17.0
Dodging        | 3 4 5 |  5.2
Evocations     | 1 2 4 6 7 9 10 12 13 | 13.9
Armour         | 3 5 7 8 9 11 | 11.4

Action                   |  1- 3 |  4- 6 |  7- 9 | 10-12 | 13-15 || total
-------------------------+-------+-------+-------+-------+-------++-------
Melee: Hand axe          |    74 |    54 |       |       |       ||   128
       Broad axe         |       |    60 |   274 |   318 |       ||   652
       War axe           |       |       |       |   533 |   444 ||   977
Invok: Trog's Hand       |     1 |     3 |    11 |    19 |    14 ||    48
       Berserk           |     1 |     1 |     6 |    14 |    11 ||    33
       Brothers in Arms  |       |       |       |     9 |     3 ||    12
 Abil: Heal Wounds       |       |     2 |     4 |    26 |    34 ||    66
Evoke: Wand              |       |       |     1 |     9 |    10 ||    20
  Use: Scroll            |     1 |     3 |     3 |    13 |     5 ||    25
       Potion            |       |     2 |     1 |     2 |     3 ||     8
 Stab: Distracted        |       |       |       |     1 |     1 ||     2
  Eat: Chunk             |       |     6 |    11 |    36 |    18 ||    71
       Ration            |       |       |     1 |     4 |     2 ||     7
Armor: Animal skin       |    13 |       |       |       |       ||    13
       Ring mail         |     3 |    36 |    20 |       |       ||    59
       Plate armour      |       |       |    71 |   438 |   187 ||   696
Dodge: Dodged            |    65 |   102 |   238 |   522 |   276 ||  1203
Block: Other             |       |       |       |   210 |   105 ||   315
       Reflection        |       |       |       |    13 |     3 ||    16
